 Seeded DCSS version 0.29.1-2-gbd0b4ee654 (webtiles) character file.

Game seed: 19941 (custom seed)

152 Ashen the Grave Robber (level 5, 0/35 HPs)
             Began as a Demonspawn Necromancer on Oct 29, 2022.
             Slain by Duvessa
             ... wielding a +0 short sword
              (9 damage)
             ... on level 4 of the Dungeon.
             The game lasted 00:06:49 (3331 turns).

Ashen the Grave Robber (Demonspawn Necromancer)     Turns: 3331, Time: 00:06:50

Health: 0/35       AC:  7    Str:  9    XL:     5   Next: 11%
Magic:  9/9        EV: 12    Int: 18    God:
Gold:   136        SH:  0    Dex: 13    Spells: 8/9 levels left

rFire   . . .      SeeInvis .   a - +1 dagger (flame)
rCold   . . .      Faith    .   (no shield)
rNeg    . . .      Spirit   .   f - +3 leather armour
rPois   .          Reflect  .   (no helmet)
rElec   .          Harm     .   (no cloak)
rCorr   .          Rampage  .   m - +0 pair of gloves
Will    .....                   (no boots)
Stlth   ++........              (no amulet)
HPRegen 0.11/turn               (no ring)
MPRegen 0.11/turn               (no ring)

@: no status effects
A: powered by death 1, sturdy frame 1, weakness stinger 1
a: no special abilities


You were on level 4 of the Dungeon.
You visited 1 branch of the dungeon, and saw 4 of its levels.

You collected 136 gold pieces.

Inventory:

Hand Weapons
 a - a +1 dagger of flaming (weapon)
 g - a +0 whip of pain
Armour
 f - a +3 leather armour (worn)
 m - a +0 pair of gloves (worn)
Jewellery
 j - a +4 ring of protection
Scrolls
 c - a scroll of magic mapping {unknown}
 d - 2 scrolls of identify {unknown}
 e - 2 scrolls of amnesia {unknown}
 h - 2 scrolls of noise {unknown}
 i - a scroll of enchant armour {unknown}
Potions
 b - a potion of magic
 k - a potion of ambrosia {unknown}
 l - a potion of curing {unknown}
 n - a potion of mutation {unknown}
 o - a potion of degeneration {unknown}


   Skills:
 + Level 2.8 Dodging
 + Level 3.0 Stealth
 + Level 2.9 Spellcasting
 + Level 5.2 Necromancy


You had 8 spell levels left.
You knew the following spells:

 Your Spells              Type           Power      Damage    Failure   Level
a - Necrotise             Necr           84%        1d8       1%          1

Your spell library contained the following spells:

 Spells                   Type           Power      Damage    Failure   Level
 Vampiric Draining        Necr           21%        2d7       6%          3
 Animate Dead             Necr           21%        N/A       21%         4
 Portal Projectile        Hex/Tloc       4%         N/A       47%         3
 Tukima's Dance           Hex            2%         N/A       47%         3
 Agony                    Necr           21%        N/A       50%         5
 Blade Hands              Tmut           1%         N/A       99%         5


Dungeon Overview and Level Annotations

Branches:
Dungeon (4/15)
 Temple: D:4-7

Altars:
Fedhas
Hepliaklqana

Shops:
D:1 ([*   D:3 *

Annotations:
D:4 Dowan, Duvessa


Innate Abilities, Weirdness & Mutations

You regenerate a little health from kills.
Your movements are slightly less encumbered by armour. (ER -2)
You have a small tail.


Message History

You closely miss Dowan.
Dowan is lightly wounded.
Duvessa gestures with her weapon.
Duvessa hits you with a +0 short sword. Dowan hits you but does no damage.
You barely miss Dowan.
Dowan is lightly wounded.
Duvessa misses you.
Dowan says, "Stay away from my face!"
Dowan hits you with a +0 dagger.
Unknown command.
You barely miss Dowan.
Dowan is lightly wounded.
Duvessa barely misses you. Dowan hits you but does no damage.
You miss Dowan.
The ball python hisses angrily.
You tail-slap Dowan.
Dowan is moderately wounded.
Duvessa hits you with a +0 short sword. Dowan hits you but does no damage.
You closely miss Dowan.
Dowan is moderately wounded.
Duvessa hits you with a +0 short sword!
* * * LOW HITPOINT WARNING * * *
Dowan hits you but does no damage.
You hit Dowan but do no damage.
Dowan is moderately wounded.
Duvessa closely misses you. Dowan gestures at you while chanting.
The puff of flame misses you.
Casting: Necrotise (safe; 1% risk of failure)
Confirm with . or Enter, or press ? or * to list all spells.
You don't know that spell.
Casting: Necrotise (safe; 1% risk of failure)
Confirm with . or Enter, or press ? or * to list all spells.
Okay, then.
You barely miss Duvessa.
Duvessa says, "Where magic fails, the sword succeeds!"
Duvessa closely misses you. Dowan hits you with a +0 dagger.
* * * LOW HITPOINT WARNING * * *
You barely miss Duvessa. Duvessa hits you with a +0 short sword!
You die...

.... #..# ...
#.... ...
...... ..
.....#
#.##...#.. .
##.........
....#.See......
#....@.......
##..###..##..
#. ..# # .# ..
.. .


You could see Duvessa, Dowan and a ball python.

Vanquished Creatures
  3 gnolls (D:2)
  5 adders
  2 worms (D:3)
  3 dart slugs
  An orc (D:3)
  6 endoplasms
  3 giant cockroaches
  5 goblins
  6 hobgoblins
  5 kobolds
  2 quokkas (D:1)
  3 ball pythons
  6 bats
  5 frilled lizards
  11 rats
66 creatures vanquished.

Vanquished Creatures (collateral kills)
  A bat (D:2)
  A frilled lizard (D:1)
  3 rats (D:2)
5 creatures vanquished.

Grand Total: 71 creatures vanquished

Notes
Turn   | Place    | Note
-------+----------+-------------------------------------------
     0 | D:1      | Ashen the Demonspawn Necromancer began the quest for the
                  | Orb.
     0 | D:1      | Reached XP level 1. HP: 13/13 MP: 3/3
   184 | D:1      | Found Riotof's Antique Weapon Shop.
   269 | D:1      | Gained mutation: Your movements are slightly less
                  | encumbered by armour. (ER -2) [demonic ancestry]
   269 | D:1      | Reached XP level 2. HP: 9/19 MP: 0/5
   559 | D:1      | Found a faded altar of an unknown god.
  1018 | D:1      | Found Vypiut's Assorted Antiques.
  1029 | D:1      | Gained mutation: You have a small tail. [demonic ancestry]
  1029 | D:1      | Reached XP level 3. HP: 22/24 MP: 1/6
  1078 | D:1      | Found Marruhor's Antique Armour Shoppe.
  1953 | D:2      | Reached XP level 4. HP: 30/30 MP: 1/7
  2087 | D:2      | Reached skill level 5 in Necromancy
  2910 | D:3      | Gained mutation: You regenerate a little health from kills.
                  | [demonic ancestry]
  2910 | D:3      | Reached XP level 5. HP: 35/35 MP: 0/9
  3089 | D:3      | Found a blossoming altar of Fedhas.
  3164 | D:3      | Found Deropsou's Assorted Antiques.
  3248 | D:3      | Found a hazy altar of Hepliaklqana.
  3318 | D:4      | Noticed Duvessa
  3318 | D:4      | Noticed Dowan
  3331 | D:4      | Slain by Duvessa

Illustrated notes

Levels and vault maps discovered:
D:1:      lightli_arrival_lavapool, layout_basic, serial_shops, shop_fountains,
          shop, nicolae_shop_trees,
          hellmonk_ecumenical_altar_pennies_from_heaven
D:2:      layout_loops_ring, minmay_hexomino_c4
D:3:      layout_basic, mainiacjoe_overflow_surrounded_room,
          mainiacjoe_overflow_big_doors, serial_shops, shop,
          kennysheep_generic_room_6
D:4:      layout_layer_cave, uniq_duvessa

Skill      XL: |  1  2  3  4 |
---------------+-------------+-----
Stealth        | 2 3 |  3.0
Dodging        | 2 |  2.8
Necromancy     | 5 |  5.2
Spellcasting   | |  2.9

Action                   |  1- 3 |  4- 6 || total
-------------------------+-------+-------++-------
Melee: Unarmed           |    14 |       ||    14
       Dagger            |    20 |    22 ||    42
       Tailslap          |       |     1 ||     1
 Cast: Necrotise         |    63 |    59 ||   122
 Stab: Sleeping          |     1 |     3 ||     4
Armor: Robe              |     4 |       ||     4
       Leather armour    |    20 |    12 ||    32
Dodge: Dodged            |    29 |    21 ||    50
